 Dungeon Crawl Stone Soup version 0.21.1-1-g345015fe64 (webtiles) character file.

1167 Oravi the Martial Artist (level 8, -4/60 HPs)
             Began as a Merfolk Transmuter on May 7, 2018.
             Was a Follower of Okawaru.
             Slain by a black bear (6 damage)
             ... on level 5 of the Dungeon.
             The game lasted 00:15:17 (5128 turns).

Oravi the Martial Artist (Merfolk Transmuter)       Turns: 5128, Time: 00:15:18

Health: -4/60      AC:  2    Str: 10    XL:     8   Next: 40%
Magic:  12/13      EV: 24    Int: 14    God:    Okawaru [*.....]
Gold:   224        SH:  0    Dex: 20    Spells: 8/14 levels left

rFire    . . .     SeeInvis .     - Unarmed
rCold    . . .     Gourm    .   (shield currently unavailable)
rNeg     . . .     Faith    .   (armour currently unavailable)
rPois    x         Spirit   .   (helmet currently unavailable)
rElec    .         Reflect  .   (cloak currently unavailable)
rCorr    .         Harm     .   (gloves currently unavailable)
MR       .....                  (boots currently unavailable)
Stlth    ++........             (no amulet)
HPRegen  0.20/turn              (no ring)
MPRegen  0.13/turn              (no ring)

@: lethally poisoned (-4 -> -13), spider-form (expiring)
A: tiny, (change form in water), (swift swim), (stealthy swim)
a: End Transformation, Heroism, Renounce Religion


You were on level 5 of the Dungeon.
You worshipped Okawaru.
Okawaru was aware of your devotion.
You were hungry.
You were a venomous arachnid creature.
You visited 1 branch of the dungeon, and saw 6 of its levels.

You collected 224 gold pieces.

Inventory:

Missiles
 a - 25 arrows
Armour
 b - a +0 robe (melded)
 j - the +1 ring mail of the Endless Expanse {*Contam rCorr Dex+3 Stlth+}
   (You found it on level 4 of the Dungeon)

   It affects your dexterity (+3).
   It causes magical contamination when unequipped.
   It protects you from acid and corrosion.
   It makes you more stealthy.
 p - a +0 pair of gloves
Scrolls
 f - a scroll of identify
 g - a scroll of magic mapping {unknown}
 k - 3 scrolls of remove curse
 l - 2 scrolls of enchant armour {unknown}
 m - a scroll of enchant weapon {unknown}
 n - 3 scrolls of fog {unknown}
 o - a scroll of noise {unknown}
 q - a scroll of teleportation
 r - a scroll of fear {unknown}
Potions
 e - a potion of haste
 h - a potion of degeneration
 i - a potion of magic
 t - a potion of flight
Books
 c - a book of Changes

   Spells                             Type                      Level
   a - Beastly Appendage              Transmutation                1
   b - Sticks to Snakes               Transmutation                2
   c - Spider Form                    Transmutation/Poison         3
   d - Ice Form                       Ice/Transmutation            4
   e - Blade Hands                    Transmutation                5
Comestibles
 d - 7 rations
 s - 5 chunks of flesh


   Skills:
 + Level 3.8 Fighting
 + Level 5.2 Dodging
 * Level 8.1 Unarmed Combat
 + Level 3.6 Spellcasting
 + Level 5.3 Transmutations


You had 8 spell levels left.
You knew the following spells:

 Your Spells              Type           Power        Failure   Level  Hunger
a - Spider Form           Tmut/Pois      #.........   41%         3    ###....
b - Sticks to Snakes      Tmut           ###.....     11%         2    ##.....
c - Beastly Appendage     Tmut           ###...       9%          1    None


Dungeon Overview and Level Annotations

Branches:
Dungeon (6/15)
 Temple: D:4-7

Altars:
Elyvilon
Fedhas
Gozag
Makhleb
Nemelex Xobeh
Okawaru
Ru
Uskayaw

Annotations:
D:6 Dowan, Duvessa


Message History

You feel sick. Duvessa closely misses you.
You feel sick. The black bear misses you. The black bear completely misses you.
The black bear claws you.
* * * LOW HITPOINT WARNING * * *
There is a stone staircase leading up here.
You feel sick. Duvessa misses you. The black bear barely misses you.
The black bear closely misses you.
The black bear claws you but does no damage.
Duvessa hits you with a short sword!
* * * LOW HITPOINT WARNING * * *
You climb upwards.
* * * LOW HITPOINT WARNING * * *
You feel sick.
There is a stone staircase leading down here.
Okay, then.
You hit the black bear.
The black bear is poisoned.
The black bear is moderately wounded.
* * * LOW HITPOINT WARNING * * *
You feel sick. The black bear bites you.
You die...

#####............# .#
#............#
.####)......<....#######
....#............#.....#
>................#.....#
#................#.....#
#................#.....#
#......#.......h.#.....#
................s#.....#
.#.#...###.#####.#.....#
.#.#...........#.#.....#
...#...####.#..#.#.....#
.###...####.##.#.#.....# .#
#...##......#.#.....####
.###...##...#........<....#
.##.....#...#.##.#.....##.#
.##.....#........###...##.#


You could see a black bear.

Vanquished Creatures
  A hippogriff (D:6)
  A wyvern (D:5)
  Edmund (D:5)
  A wyvern skeleton (D:6)
  A crimson imp (D:5)
  2 orc priests (D:5)
  2 hounds
  A jelly (D:5)
  4 orc wizards
  5 worker ants
  10 adders
  2 shadow imps
  8 worms
  3 leopard geckos
  16 orcs
  A ball python (D:4)
  16 giant cockroaches
  10 goblins
  9 hobgoblins
  4 jackals (D:5)
  11 kobolds
  2 quokkas
  10 bats
  3 frilled lizards
  A jackal skeleton (D:5)
  7 rats
132 creatures vanquished.

Notes
Turn   | Place    | Note
-------+----------+-------------------------------------------
     0 | D:1      | Oravi the Merfolk Transmuter began the quest for the Orb.
     0 | D:1      | Reached XP level 1. HP: 15/15 MP: 3/3
   131 | D:1      | Reached XP level 2. HP: 18/21 MP: 3/5
   157 | D:1      | Reached skill level 4 in Unarmed Combat
   386 | D:1      | Reached XP level 3. HP: 26/26 MP: 4/6
   400 | D:1      | Learned a level 2 spell: Sticks to Snakes
   404 | D:1      | Learned a level 3 spell: Spider Form
   677 | D:1      | Found a sparkling altar of Nemelex Xobeh.
   745 | D:2      | Reached skill level 5 in Unarmed Combat
   754 | D:2      | Found a blossoming altar of Fedhas.
   839 | D:2      | Reached XP level 4. HP: 32/32 MP: 1/7
  1504 | D:3      | Reached skill level 6 in Unarmed Combat
  1558 | D:3      | Reached XP level 5. HP: 37/37 MP: 4/8
  1598 | D:3      | You fall through a shaft for 3 floors!
  1780 | D:6      | Noticed a hippogriff
  1810 | D:6      | Killed a hippogriff
  1810 | D:6      | Reached XP level 6. HP: 5/44 MP: 3/9
  2104 | D:6      | Noticed a sky beast
  2107 | D:5      | Entered Level 5 of the Dungeon
  2398 | D:4      | Reached XP level 7. HP: 25/51 MP: 1/11
  2560 | D:4      | Got a steaming ring mail
  2762 | D:3      | Found a sacrificial altar of Ru.
  2798 | D:3      | Reached skill level 7 in Unarmed Combat
  2976 | D:3      | Found an iron altar of Okawaru.
  2976 | D:3      | Found a burning altar of Makhleb.
  2983 | D:3      | Became a worshipper of Warmaster Okawaru
  2987 | D:3      | Found a white marble altar of Elyvilon.
  2987 | D:3      | Found an opulent altar of Gozag.
  3297 | D:3      | Found a hide-covered altar of Uskayaw.
  3709 | D:5      | Noticed Edmund
  3725 | D:5      | Killed Edmund
  4272 | D:5      | Reached XP level 8. HP: 41/58 MP: 5/12
  4521 | D:5      | Reached skill level 5 in Transmutations
  4644 | D:5      | Noticed a wyvern
  4872 | D:5      | Killed a wyvern
  4872 | D:5      | Reached skill level 5 in Dodging
  4872 | D:5      | Reached skill level 8 in Unarmed Combat
  5055 | D:6      | Identified the +1 ring mail of the Endless Expanse {*Contam rCorr Dex+3 Stlth+} (You found it on level 4 of the Dungeon)
  5064 | D:6      | Reached * piety under Okawaru
  5106 | D:6      | Noticed Duvessa
  5110 | D:6      | Noticed Dowan
  5127 | D:5      | HP: 3/60 [poisoned by Dowan]
  5128 | D:5      | Slain by a black bear

Skill      XL: |  1  2  3  4  5  6  7  8 |
---------------+-------------------------+-----
Unarmed Combat | 4 5 6 7 8 |  8.1
Dodging        | 3 4 5 |  5.2
Transmutations | 3 4 5 |  5.3
Fighting       | 2 3 |  3.8
Spellcasting   | 3 |  3.6

Action                   |  1- 3 |  4- 6 |  7- 9 || total
-------------------------+-------+-------+-------++-------
Melee: Unarmed           |    89 |    93 |   201 ||   383
       Headbutt          |     5 |     1 |     2 ||     8
       Punch             |     2 |     1 |     2 ||     5
 Cast: Beastly Appendage |    12 |     1 |     1 ||    14
       Spider Form       |     8 |    15 |    31 ||    54
  Use: Potion            |       |     5 |     2 ||     7
       Scroll            |       |     8 |     3 ||    11
 Stab: Sleeping          |       |       |     1 ||     1
  Eat: Chunk             |     1 |     6 |     8 ||    15
       Ration            |       |       |     2 ||     2
Armor: Robe              |    17 |     1 |     7 ||    25
       Skin              |     1 |     6 |     8 ||    15
Dodge: Dodged            |    72 |    63 |   186 ||   321
